 Dungeon Crawl Stone Soup version 0.29-a0-275-g389c0b56f3 (webtiles) character file.

Game seed: 3316196898576880508

256 jmlagarto the Firebug (level 6, 0/45 HPs)
             Began as a Hill Orc Fire Elementalist on Mar 9, 2022.
             Slain by acepyromaniac2's ghost (7 damage)
             ... on level 4 of the Dungeon.
             The game lasted 00:09:54 (4032 turns).

jmlagarto the Firebug (Hill Orc Fire Elementalist)  Turns: 4032, Time: 00:09:56

Health: 0/45       AC:  3    Str: 11    XL:     6   Next: 15%
Magic:  2/10       EV: 12    Int: 17    God:
Gold:   259        SH:  0    Dex: 11    Spells: 4/10 levels left

rFire   . . .      SeeInvis .   (no weapon)
rCold   . . .      Faith    .   (no shield)
rNeg    . . .      Spirit   .   a - +0 robe
rPois   .          Reflect  .   (no helmet)
rElec   .          Harm     .   n - +0 cloak
rCorr   .          Rampage  .   (no gloves)
Will    .....                   (no boots)
Stlth   ++........              (no amulet)
HPRegen 0.15/turn               (no ring)
MPRegen 0.12/turn               (no ring)

@: no status effects
A: no striking features
a: no special abilities


You were on level 4 of the Dungeon.
You visited 1 branch of the dungeon, and saw 5 of its levels.

You collected 259 gold pieces.

Inventory:

Hand Weapons
 o - a +2 spear of flaming
Armour
 a - a +0 robe (worn)
 n - a +0 cloak (worn)
Jewellery
 f - a ring of fire
 i - a ring of protection from cold
Wands
 k - a wand of iceblast (8)
Scrolls
 e - a scroll of teleportation {unknown}
 m - a scroll of vulnerability {unknown}
 q - a scroll of enchant weapon {unknown}
Potions
 c - a potion of invisibility
 d - a potion of haste
 g - a potion of ambrosia {unknown}
 j - a potion of flight {unknown}
 l - a potion of berserk rage {unknown}
 p - 2 potions of degeneration {unknown}
 r - a potion of might {unknown}


   Skills:
 + Level 2.1 Dodging
 + Level 2.0 Stealth
 + Level 2.9 Spellcasting
 + Level 2.7 Conjurations
 + Level 5.0 Fire Magic


You had 4 spell levels left.
You knew the following spells:

 Your Spells              Type           Power      Damage    Failure   Level
a - Foxfire               Conj/Fire      60%        2x1d7     3%          1
b - Scorch                Fire           38%        2d7       3%          2
c - Conjure Flame         Conj/Fire      15%        6-21      11%         3

Your spell library contained the following spells:

 Spells                   Type           Power      Damage    Failure   Level
 Inner Flame              Hex/Fire       11%        N/A       19%         3
 Flame Wave               Conj/Fire      15%        2d6       34%         4
 Call Canine Familiar     Summ           2%         N/A       47%         3
 Portal Projectile        Hex/Tloc       4%         N/A       47%         3
 Leda's Liquefaction      Hex/Erth       1%         N/A       87%         4


Dungeon Overview and Level Annotations

Branches:
Dungeon (5/15)
 Temple: D:4-7

Altars:
Cheibriados
Elyvilon

Shops:
D:1 (**:=

Annotations:
D:4 acepyromaniac2's ghost, amateur HOMo


Message History

The gnoll shaman is heavily wounded.
The foxfire hits the gnoll shaman but does no damage.
The gnoll shaman is heavily wounded.
Casting: Foxfire (safe; 3% risk of failure)
Confirm with . or Enter, or press ? or * to list all spells.
You conjure some foxfire!
The gnoll hits you from afar with a +0 spear.
The gnoll completely misses you.
A gnoll comes into view. It is wielding a +0 club.
The foxfire hits the gnoll shaman.
The gnoll shaman is heavily wounded.
The foxfire hits the gnoll shaman.
The gnoll shaman is severely wounded.
The gnoll hits you from afar with a +0 spear!
The gnoll shaman hits you with a +0 whip!
The gnoll hits you but does no damage.
A gnoll comes into view. It is wielding a +0 spear.
The gnoll hits you from afar with a +0 spear.
The gnoll shaman barely misses you.
The gnoll hits you from afar with a +0 spear!
* * * LOW HITPOINT WARNING * * *
The gnoll shaman utters an invocation to its god.
The gnoll shaman is healed somewhat.
The gnoll barely misses you. The gnoll closely misses you. x2
The gnoll hits you but does no damage.
The gnoll shaman mumbles some strange prayers to its god.
The gnoll shaman is healed somewhat.
The gnoll closely misses you.
The gnoll shouts!
The gnoll hits you from afar with a +0 spear.
* * * LOW HITPOINT WARNING * * *
The gnoll barely misses you.
There is a stone staircase leading up here.
The gnoll hits you from afar with a +0 spear.
* * * LOW HITPOINT WARNING * * *
The gnoll barely misses you.
You climb upwards.
Level annotation: acepyromaniac2's ghost, amateur HOMo Acepyromaniac2's ghost hits you!
You die...

### #.. #.# ### #.#
#.. #.# #..
##+#######.######..
#..[............[..
+.@W...............
#g.....###.###.#ยง..
+......# #.##......
#.)....# #.........
####...# ######'''#
#...# #.(....
#...######....(.
#........#..(...
#........#.....(


You could see acepyromaniac2's ghost and a gnoll.

Vanquished Creatures
  2 hounds (D:5)
  An orc priest (D:2)
  An iguana (D:4)
  An orc wizard (D:2)
  2 gnolls (D:1)
  4 adders
  A dart slug (D:2)
  3 orcs (D:2)
  4 ball pythons
  7 bats
  3 endoplasms
  A giant cockroach (D:3)
  4 goblins
  6 hobgoblins
  6 jackals
  4 quokkas
  3 frilled lizards
  2 kobolds (D:1)
  5 rats
60 creatures vanquished.

Vanquished Creatures (others)
  255 foxfires
255 creatures vanquished.

Grand Total: 315 creatures vanquished

Notes
Turn   | Place    | Note
-------+----------+-------------------------------------------
     0 | D:1      | jmlagarto the Hill Orc Fire Elementalist began the quest
                  | for the Orb.
     0 | D:1      | Reached XP level 1. HP: 14/14 MP: 3/3
     7 | D:1      | Reached XP level 2. HP: 20/20 MP: 0/4
   193 | D:1      | Found Yfekaenk's Jewellery Shoppe.
   456 | D:1      | Found Eppoir's Book Shop.
   637 | D:1      | Reached XP level 3. HP: 26/26 MP: 1/5
   726 | D:1      | Found Cirasie's Weapon Emporium.
   847 | D:1      | Found Tyhu's General Store.
   959 | D:1      | Reached skill level 4 in Fire Magic
  1032 | D:1      | Found Dares's General Store.
  1349 | D:2      | Learned a level 2 spell: Scorch
  1570 | D:2      | Reached XP level 4. HP: 33/33 MP: 2/7
  1944 | D:2      | Reached XP level 5. HP: 38/38 MP: 4/8
  2852 | D:3      | Learned a level 3 spell: Conjure Flame
  2902 | D:3      | Found a large runed translucent door.
  2923 | D:3      | Found a large runed translucent door.
  3302 | D:3      | Found a snail-covered altar of Cheibriados.
  3313 | D:3      | Found a white marble altar of Elyvilon.
  3602 | D:4      | Found a runed translucent gate.
  3603 | D:4      | Found a runed translucent gate.
  3603 | D:4      | Found a runed translucent gate.
  3606 | D:4      | Noticed acepyromaniac2's ghost (amateur HOMo)
  3681 | D:5      | Entered Level 5 of the Dungeon
  4001 | D:5      | Reached XP level 6. HP: 45/45 MP: 7/10
  4007 | D:5      | Reached skill level 5 in Fire Magic
  4032 | D:4      | Slain by acepyromaniac2's ghost

Illustrated notes

Levels and vault maps discovered:
D:1:      spicycebolla_arrival_xxxplode, layout_basic, serial_shops, shop_coins,
          nicolae_shop_waterfront, shop, shop, shop, corexii_corridor_pit
D:2:      layout_loops_corners, minmay_misc_feat_tower, palyth_stone_intersect
D:3:      layout_basic, jmf_multi_god_temple2, minmay_tree_intersection,
          chequers_hall_statues_corner_a
D:4:      layout_basic, kb_xom_exploding_sheep, tso_altar,
          ebering_ghost_rock_garden, serial_bayou_pond_b
D:5:      layout_basic, nicolae_sif_muna_condensation,
          lemuel_coloured_pillars_altar, minmay_temple_entry_butterflies

Skill      XL: |  1  2  3  4  5  6 |
---------------+-------------------+-----
Spellcasting   | 2 |  2.9
Fire Magic     | 4 5 |  5.0
Conjurations   | 2 |  2.7
Dodging        | 2 |  2.1
Stealth        | 2 |  2.0

Action                   |  1- 3 |  4- 6 || total
-------------------------+-------+-------++-------
 Cast: Foxfire           |    56 |   100 ||   156
       Scorch            |       |     2 ||     2
  Use: Scroll            |       |     5 ||     5
       Potion            |       |     1 ||     1
Armor: Robe              |     1 |    14 ||    15
Dodge: Dodged            |    11 |    35 ||    46

Table legend: (Time is in decaauts)
 A = Elapsed time spent in this place.
 B = Non-inter-level travel time spent in this place.
 C = Inter-level travel time spent in this place.
 D = Time resting spent in this place.
 E = Time spent auto-exploring this place.
 F = Levels seen in this place.
 G = Mean time per level.
                   A        B        C        D        E       F      G
               +--------+--------+--------+--------+--------+-----+--------+
         Total |   4031 |   3970 |     61 |      0 |   3394 |   5 |  806.2 |
       Dungeon |   4031 |   3970 |     61 |      0 |   3394 |   5 |  806.2 |
               +--------+--------+--------+--------+--------+-----+--------+

Top non-repeatable levels by time:
     D:2: 1387 daAuts
     D:1: 1300 daAuts
     D:3: 684 daAuts
     D:5: 350 daAuts
     D:4: 307 daAuts
